AoeStats
← MORK

Arabia

508316524Analyzed
2v2 RM · 12d ago on Sep 21, 2026· 38m 1s· 4 players
Game mode
Random Map
Map size
Medium (4 player)
Population
200
Speed
Normal
Resources
Standard
Victory
Conquest
Starting age
Dark Age
Ending age
Imperial Age
RankedLock teamsTeams togetherTeam positionsShared explorationLock speedFull tech treeHidden civsTurbo modeCheats
Victory
Defeat
🇲🇽 Italians · Mexico
1100
+16
🇲🇽 Maya · Mexico
1012
+20
🇦🇷 Persians · Argentina
1180
-22
🇦🇷 Britons · Argentina
1010
-32
^1Hellraiser ^2Ma^7Ca^1Na
1:04 Loom
12:13 Feudal Age
13:31 Wheelbarrow
12:44 Double-Bit Axe
12:26 Man-at-Arms
13:31 Arson
20:32 Forging
22:50 Scale Mail Armor
28:36 Castle Age
26:34 Gold Mining
27:09 Stone Mining
29:02 Long Swordsman
29:02 Pikeman
30:43 Squires
MAJEZTAD EZKANOR
9:03 Loom
13:24 Feudal Age
14:40 Wheelbarrow
13:54 Double-Bit Axe
13:52 Horse Collar
20:46 Castle Age
19:15 Stone Mining
19:18 Gold Mining
21:52 Hand Cart
21:38 Heavy Plow
26:45 Bow Saw
31:12 Imperial Age
32:14 Conscription
31:56 Scale Mail Armor
32:06 Forging
32:41 Arson
32:56 Squires
32:17 Pikeman
33:43 Chain Mail Armor
34:04 Iron Casting
35:36 Plate Mail Armor
37:02 Blast Furnace
kanodavich
5:50 Loom
5:53 Loom
9:10 Feudal Age
10:42 Horse Collar
16:50 Fletching
17:18 Double-Bit Axe
19:13 Gold Mining
22:05 Castle Age
22:00 Stone Mining
22:38 Padded Archer Armor
22:08 Crossbowman
27:42 Scale Barding Armor
31:33 Bodkin Arrow
33:11 Ballistics
MORK
5:21 Loom
9:17 Feudal Age
9:51 Double-Bit Axe
12:59 Horse Collar
16:01 Wheelbarrow
20:56 Castle Age
20:22 Gold Mining
23:53 Fletching
27:52 Bodkin Arrow
Connection lost

Rejoining the realm…

Still unreachable

The connection could not be restored.

Session expired

The server has moved on; the page needs a fresh start.